 Dungeon Crawl Stone Soup version 0.32-a0-791-gfc315c9 (webtiles) character file.

Game seed: 13493135422117937020

53 Dorkslayer the Trooper (level 3, -2/39 HPs)
             Began as an Octopode Fighter on Mar 20, 2024.
             Frozen to death by an endoplasm (5 damage)
             ... on level 2 of the Dungeon.
             The game lasted 00:03:53 (914 turns).

Dorkslayer the Trooper (Octopode Fighter)            Turns: 914, Time: 00:03:53

Health: -2/39      AC: 21    Str: 17    XL:     3   Next: 89%
Magic:  3/3        EV:  2    Int: 10    God:
Gold:   56         SH:  9    Dex: 11    Spells: 2/2 levels left

rFire   . . .        a - +1 war axe
rCold   . . .        e - +1 kite shield
rNeg    . . .        (helmet currently unavailable)
rPois   +            (no amulet)
rElec   .            (no ring)
rCorr   .            (no ring)
SInv    .            (no ring)
Will    .....        (no ring)
Stlth   ++           (no ring)
HPRegen 0.26/turn    (no ring)
MPRegen 0.08/turn    (no ring)
                     (no ring)

%: no passive effects
@: mighty, tree-form
A: stationary, stasis, torment immunity, boosted hp, almost no armour,
(amphibious), 8 rings, (camouflage 1), (gelatinous body 1), (nimble swimmer 1),
(tentacles), (beak), devolution 1
a: no special abilities


You were on level 2 of the Dungeon.
You were a tree.
You visited 1 branch of the dungeon, and saw 2 of its levels.

You collected 56 gold pieces.

Inventory:

Hand Weapons
 a - a +1 war axe (weapon)
Armour
 e - a +1 kite shield (worn)


   Skills:
 + Level 3.4 Fighting
 + Level 2.4 Axes
 + Level 3.4 Dodging
 + Level 1.3 Stealth
 + Level 3.4 Shields


You had 2 spell levels left.
You didn't know any spells.
Your spell library was empty.

Dungeon Overview and Level Annotations

Branches:
Dungeon (2/15)

Altars:

Annotations:
D:2 Sigmund


Innate Abilities, Weirdness & Mutations

You are a tree.
Your roots penetrate the ground, keeping you stationary.
You cannot be teleported.
You are immune to unholy pain and torment.
Your maximum health is greatly increased.
You cannot wear most types of armour.
((You are amphibious.))
You can wear up to eight rings at the same time.
((Your skin changes colour to match your surroundings (Stealth+).))
((Your rubbery body absorbs attacks. (AC +1, EV +1)))
((You are camouflaged when in or above water. (Stealth+)))
((You have tentacles for arms and can constrict up to eight enemies at once.))
((You have a beak for a mouth.))
You have hidden genetic defects.


Message History

The adder bites you but does no damage. You block Sigmund's attack.
The ribbon worm bites you but does no damage.
Unknown command.
Unknown command.
Unknown command.
You miss the adder.
The adder is almost dead.
You barely miss the quokka. You slash the ribbon worm!
You block the quokka's attack. The adder bites you but does no damage.
You block the quokka's attack. The adder completely misses you.
The ribbon worm bites you but does no damage.
You block Sigmund's attack.
Unknown command.
You hit the ribbon worm.
The ribbon worm is heavily wounded.
You hit the quokka. You hit the adder.
You kill the adder!
The quokka bites you but does no damage.
The quokka bites you.
* * * LOW HITPOINT WARNING * * *
You block the ribbon worm's attack.
Sigmund mumbles some strange words.
Sigmund flickers and vanishes!
Deactivating autopickup; reactivate with Ctrl-A.
Unknown command.
You slash the quokka!
You kill the quokka!
You hit the ribbon worm.
The ribbon worm expels a string of sticky webbing.
The stream of webbing hits you but does no damage.
You are caught in a web!
Something hits you but does no damage.
Unknown command.
The web tears apart.
The ribbon worm bites you but does no damage.
Something hits you but does no damage.
You slash the ribbon worm!
You kill the ribbon worm!
The endoplasm freezes you.
You are frozen.
You die...

#####.....###.#
#...........#.# .#
....)....###..# .#
#.##.....# ##.###.#
#.###...## #.##..#
#.####..## ##..#..#
.[......<###.##...#
#.####.##...####..####
#.# #. #...###w♣#...
..# .##..#.#.#J#.##
### .........†..{S?#
##.#.........g.#
#.#.###.##.##......
#... #.....$......
#.#. #.##.##..#...
#.#. <...#.. ..... #
......... #..[


You could see a dart slug, an endoplasm and a goblin.

Vanquished Creatures
  2 adders (D:2)
  A dart slug (D:1)
  2 ribbon worms (D:2)
  4 ball pythons
  4 bats
  2 endoplasms
  2 goblins
  4 jackals (D:2)
  A quokka (D:2)
  2 frilled lizards (D:1)
  4 kobolds
  3 rats (D:1)
31 creatures vanquished.

Notes
Turn   | Place    | Note
-------+----------+-------------------------------------------
     0 | D:1      | Dorkslayer the Octopode Fighter began the quest for the
                  | Orb.
     0 | D:1      | Reached XP level 1. HP: 16/16 MP: 1/1
   169 | D:1      | Reached XP level 2. HP: 21/21 MP: 2/2
   772 | D:2      | Reached XP level 3. HP: 23/26 MP: 3/3
   895 | D:2      | Noticed Sigmund
   906 | D:2      | Reached skill level 1 in Stealth
   907 | D:2      | Gained mutation: Your muscles are strong. (Str +4, Int/Dex
                  | -1) [potion of mutation]
   907 | D:2      | Gained mutation: You have hidden genetic defects. [potion
                  | of mutation]
   907 | D:2      | Lost mutation: Your muscles are strong. (Str +4, Int/Dex
                  | -1) [potion of mutation]
   907 | D:2      | Gained mutation: You have a beak for a mouth. [potion of
                  | mutation]
   914 | D:2      | Frozen to death by an endoplasm

Illustrated notes

Levels and vault maps discovered:
D:1:      ncdulo_watergridlock, layout_basic, amcnicky_mini_pool_small
D:2:      layout_loops_ring, uniq_sigmund

Skill      XL: |  1  2  3 |
---------------+----------+-----
Stealth        | 1 |  1.3
Fighting       | |  3.4
Axes           | |  2.4
Dodging        | |  3.4
Shields        | |  3.4

Action                     || total
---------------------------++-------
  Melee: War axe           ||    50
         Constrict         ||    14
         Tentacles         ||     8
    Use: Scroll            ||     6
         Potion            ||     3
   Stab: Sleeping          ||     8
 Armour: Skin              ||    40
  Dodge: Dodged            ||    33
  Block: Buckler           ||     6
         Kite shield       ||    40

Table legend: (Time is in decaauts)
 A = Elapsed time spent in this place.
 B = Non-inter-level travel time spent in this place.
 C = Inter-level travel time spent in this place.
 D = Time resting spent in this place.
 E = Time spent auto-exploring this place.
 F = Levels seen in this place.
 G = Mean time per level.
                   A        B        C        D        E       F      G
               +--------+--------+--------+--------+--------+-----+--------+
         Total |    939 |    939 |      0 |      0 |    630 |   2 |  469.5 |
       Dungeon |    939 |    939 |      0 |      0 |    630 |   2 |  469.5 |
               +--------+--------+--------+--------+--------+-----+--------+

Top non-repeatable levels by time:
     D:1: 769 daAuts
     D:2: 170 daAuts
